 Dungeon Crawl Stone Soup version 0.24-a0-194-g9bee6eb (webtiles) character file.

Game seed: 17981805954841735287

45 Lanoc the Chopper (level 3, -3/30 HPs)
             Began as a Draconian Gladiator on Mar 18, 2019.
             Slain by a gnoll
             ... wielding a cursed -1 spear
              (4 damage)
             ... on level 4 of the Dungeon.
             The game lasted 00:02:57 (630 turns).

Lanoc the Chopper (Draconian Gladiator)              Turns: 630, Time: 00:02:58

Health: -3/30      AC:  5    Str: 15 (16) XL:     3   Next: 42%
Magic:  3/3        EV: 13    Int: 11 (13) God:
Gold:   105        SH:  0    Dex: 10 (13) Spells: 2/2 levels left

rFire    + . .     SeeInvis .   a - +0 war axe
rCold    + . .     Gourm    .   (no shield)
rNeg     . . .     Faith    .   (armour unavailable)
rPois    +         Spirit   .   b - +0 hat
rElec    +         Reflect  .   (no cloak)
rCorr    +         Harm     .   (no gloves)
MR       .....                  (no boots)
Stlth    +.........             (no amulet)
HPRegen  0.10/turn              (no ring)
MPRegen  0.08/turn              (no ring)

@: brilliant, resistant, flying, hasted, very quick
A: unfitting armour, cold-blooded, AC +5
a: no special abilities


You were on level 4 of the Dungeon.
You were not hungry.

You visited 1 branch of the dungeon, and saw 4 of its levels.

You collected 105 gold pieces.

Inventory:

Hand Weapons
 a - a +0 war axe (weapon)
Missiles
 c - 3 throwing nets (quivered)
Armour
 b - a +0 hat (worn)
Wands
 n - a wand of random effects (7)
Scrolls
 e - 2 scrolls of teleportation {unknown}
 f - a scroll of fog {unknown}
 g - a scroll of magic mapping {unknown}
 h - a scroll of enchant weapon {unknown}
 m - a scroll of identify {unknown}
 p - a scroll of immolation {unknown}
 q - a scroll of blinking {unknown}
Potions
 j - a potion of flight
Comestibles
 d - 5 rations


   Skills:
 + Level 2.3 Fighting
 + Level 3.8 Axes
 + Level 1.9 Throwing
 + Level 3.3 Dodging


You had 2 spell levels left.
You didn't know any spells.
Your spell library was empty.

Dungeon Overview and Level Annotations

Branches:
Dungeon (4/15)
 Temple: D:4-7

Altars:
Qazlal


Innate Abilities, Weirdness & Mutations

Your plain brown scales are hard. (AC +5)
You cannot fit into any form of body armour.
You are cold-blooded and may be slowed by cold attacks.


Message History

The gnoll hits you but does no damage.
It was a potion of resistance.
You feel protected. The gnoll closely misses you.
The quokka bites you but does no damage.
The giant cockroach misses you.
The gnoll shaman hits you with a +0 whip.
The gnoll hits you with a cursed -1 spear!
* * * LOW HITPOINT WARNING * * *
The quokka completely misses you.
Unknown command.
You slash the gnoll!
The gnoll is heavily wounded.
You barely miss the quokka. You barely miss the gnoll shaman.
You hit the adder skeleton but do no damage.
You barely miss the giant cockroach. You closely miss the hound.
The giant cockroach closely misses you. The hound misses you.
The adder skeleton barely misses you.
The gnoll hits you with a cursed -1 spear.
You die...

..........##.... ......
...#......#..## ......
..)###........# ....#
..[..g........## ....##
.....##.Z..og..##.....#.
.#..........#...#..# ...
##.#.<.....##.....#...#
###...##.##..g.Z.....#.
#..........Zr@s###....
#...........gh###.....
..#.......#......l....
..##......#....#####...
..# #......#....# ...
#.....###.### ##


You could see a gnoll shaman, a hound, an orc wizard, 2 gnolls, a quokka, a
giant cockroach, an adder skeleton and a jackal skeleton.

Vanquished Creatures
  A hound skeleton (D:4)
  An adder zombie (D:3)
  4 orcs (D:4)
  A ball python (D:1)
  2 bats
  3 giant cockroaches (D:3)
  2 hobgoblins
  2 kobolds
  3 frilled lizards
  5 rats
24 creatures vanquished.

Notes
Turn   | Place    | Note
-------+----------+-------------------------------------------
     0 | D:1      | Lanoc the Draconian Gladiator began the quest for the Orb.
     0 | D:1      | Reached XP level 1. HP: 17/17 MP: 1/1
   149 | D:2      | Reached XP level 2. HP: 23/24 MP: 2/2
   475 | D:3      | Found a stormy altar of Qazlal.
   597 | D:4      | Reached XP level 3. HP: 23/30 MP: 3/3
   629 | D:4      | HP: 1/30 [gnoll/cursed -1 spear (9)]
   630 | D:4      | Slain by a gnoll

Levels and vault maps discovered:
D:1:      lemuel_arrival_hallway, layout_basic, nemelex_diamond_rough_becter
D:2:      layout_basic
D:3:      layout_loops_ring, grunt_qazlal_clouds
D:4:      layout_cave_pools, marbit_many_paths, serial_shops,
          nicolae_shop_waterfront, nicolae_ossuary_entry_catacombs,
          minmay_fractal_squares_diagonal_5

Skill      XL: |  1  2 |
---------------+-------+-----
Dodging        | 3 |  3.3
Fighting       | |  2.3
Axes           | |  3.8
Throwing       | |  1.9

Action                   || total
-------------------------++-------
Melee: War axe           ||    59
       Tailslap          ||     3
  Use: Potion            ||     6
Armor: Skin              ||    19
Dodge: Dodged            ||    48

Table legend:
 A = Non-vault XP
 B = Vault XP
 C = Vault XP percentage of total XP
 D = Non-vault monster count
 E = Vault monster count
 F = Vault count percentage of total count
                 A         B        C        D         E       F
            +---------+---------+-------+---------+---------+-------
      Total |      65 |       0 |   0.0 |      24 |       0 |   0.0
            +---------+---------+-------+---------+---------+-------
        D:1 |      10 |       0 |   0.0 |       6 |       0 |   0.0
        D:2 |       8 |       0 |   0.0 |       6 |       0 |   0.0
        D:3 |      15 |       0 |   0.0 |       7 |       0 |   0.0
        D:4 |      32 |       0 |   0.0 |       5 |       0 |   0.0
            +---------+---------+-------+---------+---------+-------
